 Dungeon Crawl Stone Soup version 0.21-a0-552-g593960d (webtiles) character file.

1179 tidbits the Caller (level 8, -5/58 HPs)
             Began as a Gnoll Summoner on Dec 17, 2017.
             Slain by a sky beast (6 damage)
             ... on level 7 of the Dungeon.
             The game lasted 00:23:21 (2168 turns).

tidbits the Caller (Gnoll Summoner)                 Turns: 2168, Time: 00:23:22

Health: -5/58      AC:  8    Str: 10    XL:     8   Next: 42%
Magic:  7/17       EV: 18    Int: 23    God:
Gold:   392        SH:  0    Dex: 15    Spells: 9/19 levels left

rFire    . . .     SeeInvis .   g - +0 great sword
rCold    . . .     Gourm    .   (shield currently unavailable)
rNeg     . . .     Faith    .   a - +0 robe
rPois    .         Spirit   .   E - +2 helmet
rElec    .         Reflect  .   C - +2 cloak
rCorr    .         Harm     .   f - +0 pair of gloves
MR       +....                  (no boots)
Stlth    ++++......             (no amulet)
HPRegen  0.19/turn              V - +3 ring of evasion
MPRegen  0.15/turn              n - ring of protection from magic

@: no status effects
A: distributed training, fangs 1, camouflage 1, clever 1, deformed body,
evolution 1, strong nose
a: no special abilities


You were on level 7 of the Dungeon.
You were not hungry.

You visited 1 branch of the dungeon, and saw 8 of its levels.

You collected 392 gold pieces.

Inventory:

Hand Weapons
 e - a +0 club
 g - a +0 great sword (weapon)
 i - a +0 short sword
 j - a +0 dagger
 m - a +0 trident
 w - a +0 short sword
 A - a +0 long sword
 G - a +0 shortbow
Missiles
 k - 75 stones
 q - 91 arrows
 s - 7 javelins (quivered)
 I - 5 tomahawks
Armour
 a - a +0 robe (worn)
 d - a +0 ring mail
 f - a +0 pair of gloves (worn)
 C - a +2 cloak (worn)
 E - a +2 helmet (worn)
 F - a scarf of resistance
   (You found it on level 7 of the Dungeon)
 H - cursed +0 storm dragon scales
Jewellery
 n - a ring of protection from magic (right hand)
   (You found it on level 1 of the Dungeon)
 t - an uncursed ring of see invisible
   (You found it on level 3 of the Dungeon)
 v - an uncursed ring of stealth
   (You found it on level 3 of the Dungeon)
 x - an uncursed ring of fire
   (You found it on level 6 of the Dungeon)
 V - a +3 ring of evasion (left hand)
   (You found it on level 3 of the Dungeon)
Scrolls
 l - a scroll of immolation
 o - 2 scrolls of enchant armour
 p - 2 scrolls of teleportation
 r - 4 scrolls of remove curse
 y - a scroll of enchant weapon
 B - a scroll of identify
 D - a scroll of amnesia {unknown}
Potions
 z - a potion of resistance
Books
 b - a book of Callings

   Spells                             Type                      Level
   a - Summon Small Mammal            Summoning                    1
   b - Call Imp                       Summoning                    2
   c - Call Canine Familiar           Summoning                    3
   d - Summon Guardian Golem          Hexes/Summoning              3
   e - Summon Lightning Spire         Summoning/Air                4
   f - Summon Ice Beast               Ice/Summoning                4
Comestibles
 c - 6 bread rations
 h - 3 meat rations


   Skills:
 + Level 3.2 Fighting
 + Level 3.2 Short Blades
 + Level 3.2 Long Blades
 + Level 3.2 Axes
 + Level 3.2 Maces & Flails
 + Level 3.2 Polearms
 + Level 3.2 Staves
 + Level 3.2 Slings
 + Level 3.2 Bows
 + Level 3.2 Crossbows
 + Level 3.2 Throwing
 + Level 3.2 Armour
 + Level 5.6 Dodging
 + Level 5.3 Stealth
 + Level 3.2 Shields
 + Level 3.2 Unarmed Combat
 + Level 6.0 Spellcasting
 + Level 2.6 Conjurations
 + Level 2.6 Hexes
 + Level 2.6 Charms
 + Level 7.6 Summonings
 + Level 2.6 Necromancy
 + Level 2.6 Translocations
 + Level 2.6 Transmutations
 + Level 2.6 Fire Magic
 + Level 2.6 Ice Magic
 + Level 2.6 Air Magic
 + Level 2.6 Earth Magic
 + Level 2.6 Poison Magic
 + Level 3.5 Invocations
 + Level 3.2 Evocations


You had 9 spell levels left.
You knew the following spells:

 Your Spells              Type           Power        Failure   Level  Hunger
a - Summon Small Mammal   Summ           ####         1%          1    None
c - Call Canine Familiar  Summ           #####...     1%          3    #......
i - Call Imp              Summ           #####...     1%          2    None
L - Summon Lightning Spi  Summ/Air       ####....     11%         4    ###....


Dungeon Overview and Level Annotations

Branches:
Dungeon (8/15)
 Temple: D:4-7         Lair: D:8-11

Altars:
Elyvilon
Gozag
Makhleb

Shops:
D:7 (


Innate Abilities, Weirdness & Mutations

Your experience applies equally to all skills.
You have very sharp teeth.
Your uncanny sense of smell can sniff out nearby items.
Your skin changes colour to match your surroundings (Stealth+).
Your mind is acute. (Int +2)
Armour fits poorly on your strangely shaped body.
You evolve.


Message History

The jackal bites your lightning spire but does no damage.
The killer bee stings you!
* * * LOW HITPOINT WARNING * * *
You are more poisoned.
The killer bee poisons you! The killer bee barely misses you.
You riposte.
You miss the killer bee. You barely miss the killer bee.
You feel sick. The killer bee barely misses you.
The killer bee closely misses you.
The jackal bites your lightning spire but does no damage.
The killer bee barely misses you. x2; The jackal bites your lightning spire.
The killer bee closely misses you.
You riposte.
You closely miss the killer bee. The killer bee stings you.
* * * LOW HITPOINT WARNING * * *
You miss the killer bee. Your bite misses the killer bee.
You feel sick. The killer bee stings you.
* * * LOW HITPOINT WARNING * * *
The killer bee barely misses you.
You riposte.
You slash the killer bee!
The killer bee is heavily wounded.
The jackal bites your lightning spire but does no damage.
The killer bee misses you. The killer bee completely misses you.
You riposte.
You closely miss the killer bee.
The killer bee is lightly wounded.
The jackal bites your lightning spire but does no damage.
The killer bee barely misses you. The killer bee closely misses you.
You riposte.
You closely miss the killer bee. Your bite misses the killer bee.
The killer bee is heavily wounded.
The jackal bites your lightning spire but does no damage.
You miss the killer bee.
The killer bee is heavily wounded.
You feel sick. The killer bee closely misses you. x3
The killer bee misses you.
You riposte.
You closely miss the killer bee.
The killer bee is lightly wounded.
The jackal bites your lightning spire but does no damage.
Your lightning spire shoots out a bolt of lightning at the jackal!
The bolt of electricity hits the jackal.
The jackal dies!
The killer bee misses you.
You riposte.
You closely miss the killer bee.
The killer bee is heavily wounded.
The killer bee stings you but does no damage.
You closely miss the killer bee. Your bite misses the killer bee.
The killer bee is heavily wounded.
You feel sick. The killer bee closely misses you.
You riposte.
You hit the killer bee but do no damage.
The killer bee is lightly wounded.
The killer bee completely misses you. The killer bee stings you.
* * * LOW HITPOINT WARNING * * *
The killer bee misses you.
Your lightning spire shoots out a bolt of lightning at the killer bee!
The bolt of electricity misses the killer bee.
The bolt of electricity hits the killer bee. x2
The killer bee dies!
The bolt of electricity hits the killer bee.
The bolt of electricity hits your lightning spire.
Your lightning spire completely resists.
The killer bee barely misses your lightning spire.
You miss the killer bee.
The killer bee is almost dead.
You feel sick.
The killer bee stings you but does no damage.
The killer bee closely misses you. The killer bee barely misses you.
Your lightning spire shoots out a bolt of lightning at the killer bee!
The bolt of electricity hits the killer bee.
The killer bee dies!
The bolt of electricity hits your lightning spire.
Your lightning spire completely resists.
You feel better.
There is an open gate here.
Casting: Summon Lightning Spire
Confirm with . or Enter, or press ? or * to list all spells.
The sky beast hits your wolf. The sky beast shocks your wolf.
Your wolf barely misses the sky beast.
The gnoll shouts!
You slash the sky beast!
The sky beast is moderately wounded.
Your wolf bites the sky beast!
The sky beast misses you.
Your wolf barely misses the sky beast.
The sky beast barely misses you.
You hit the sky beast but do no damage.
The sky beast is severely wounded.
Your wolf bites the sky beast but does no damage.
Your wolf closely misses the sky beast.
The sky beast hits you.
* * * LOW HITPOINT WARNING * * *
The sky beast shocks you.
* * * LOW HITPOINT WARNING * * *
Your wolf bites the sky beast but does no damage.
Your magical contamination has completely faded away.
You barely miss the sky beast.
The sky beast is severely wounded.
Your wolf closely misses the sky beast.
The sky beast flickers out of sight!
Something hits you.
* * * LOW HITPOINT WARNING * * *
Something shocks you.
* * * LOW HITPOINT WARNING * * *
Your wolf misses something.
A sky beast appears from thin air!
The sky beast hits you but does no damage.
The gnoll hits you but does no damage.
Your wolf barely misses the sky beast.
Okay, then.
You swap places.
Your wolf bites the sky beast.
The sky beast hits you.
* * * LOW HITPOINT WARNING * * *
The sky beast shocks you.
You die...

#. #†>8..................
#.###.##.#.##.###.#......
#.......[.........'......
########..###.###.#......
...........##.###'#.....#
########................#
#.#######........( #.#
g..##..######
#@##.....##.......
#hYg......#..#####
#.'...∩...#..#
#.'.......#..#
####.....##### #...##
#####


You could see a sky beast, a gnoll and a friendly wolf.

Vanquished Creatures
  An ogre (D:5)
  A centaur (D:7)
  A bullfrog (D:6)
  A scorpion (D:7)
  A centaur zombie (D:6)
  A hound (D:6)
  An orc priest (D:4)
  An iguana (D:4)
  2 worker ants
  3 adders (D:4)
  An ooze (D:6)
  A worm (D:4)
  A dart slug (D:1)
  2 orcs
  A giant cockroach (D:2)
  A goblin (D:3)
  2 hobgoblins
  2 jackals
  2 quokkas
  3 bats
  2 frilled lizards (D:1)
  2 kobolds
  2 rats (D:1)
35 creatures vanquished.

Vanquished Creatures (collateral kills)
  A gargoyle (D:6)
  A kobold demonologist (D:6)
  An ice beast (D:6)
  A sky beast (D:6)
  An ogre (D:6)
  2 killer bees (D:7)
  A scorpion (D:6)
  An orc priest (D:5)
  3 orc wizards
  2 bullfrog skeletons
  A hound skeleton (D:6)
  A howler monkey zombie (D:5)
  5 adders
  A howler monkey skeleton (D:4)
  An adder skeleton (D:7)
  9 orcs
  2 hobgoblins (D:1)
  6 jackals
  2 quokkas
  3 bats (D:1)
  A frilled lizard (D:1)
  A goblin (D:2)
  A jackal skeleton (D:5)
  2 kobolds (D:1)
  6 rats (D:1)
56 creatures vanquished.

Grand Total: 91 creatures vanquished

Notes
Turn   | Place    | Note
-------+----------+-------------------------------------------
     0 | D:1      | tidbits the Gnoll Summoner began the quest for the Orb.
     0 | D:1      | Reached XP level 1. HP: 13/13 MP: 6/6
   108 | D:1      | Reached XP level 2. HP: 19/19 MP: 5/7
   113 | D:1      | Learned a level 2 spell: Call Imp
   259 | D:1      | Reached XP level 3. HP: 19/25 MP: 9/9
   264 | D:1      | Learned a level 3 spell: Call Canine Familiar
   403 | D:2      | Reached skill level 5 in Spellcasting
   653 | D:3      | Reached skill level 1 in Invocations
   682 | D:5      | Entered Level 5 of the Dungeon
   682 | D:5      | Found a white marble altar of Elyvilon.
   791 | D:4      | Reached skill level 1 in Fighting
   791 | D:4      | Reached skill level 1 in Short Blades
   791 | D:4      | Reached skill level 1 in Long Blades
   791 | D:4      | Reached skill level 1 in Axes
   791 | D:4      | Reached skill level 1 in Maces & Flails
   791 | D:4      | Reached skill level 1 in Polearms
   791 | D:4      | Reached skill level 1 in Staves
   791 | D:4      | Reached skill level 1 in Slings
   791 | D:4      | Reached skill level 1 in Bows
   791 | D:4      | Reached skill level 1 in Crossbows
   791 | D:4      | Reached skill level 1 in Throwing
   791 | D:4      | Reached skill level 1 in Armour
   791 | D:4      | Reached skill level 1 in Shields
   791 | D:4      | Reached skill level 1 in Unarmed Combat
   791 | D:4      | Reached skill level 1 in Evocations
   807 | D:4      | Reached XP level 4. HP: 28/32 MP: 7/11
   828 | D:4      | Found an opulent altar of Gozag.
   849 | D:4      | HP: 3/32 [iguana (6)]
   952 | D:4      | Reached skill level 1 in Conjurations
   952 | D:4      | Reached skill level 1 in Hexes
   952 | D:4      | Reached skill level 1 in Charms
   952 | D:4      | Reached skill level 1 in Necromancy
   952 | D:4      | Reached skill level 1 in Translocations
   952 | D:4      | Reached skill level 1 in Transmutations
   952 | D:4      | Reached skill level 1 in Fire Magic
   952 | D:4      | Reached skill level 1 in Ice Magic
   952 | D:4      | Reached skill level 1 in Air Magic
   952 | D:4      | Reached skill level 1 in Earth Magic
   952 | D:4      | Reached skill level 1 in Poison Magic
  1031 | D:5      | Reached XP level 5. HP: 26/37 MP: 8/12
  1308 | D:4      | Reached XP level 6. HP: 23/44 MP: 8/13
  1397 | D:5      | Reached skill level 2 in Invocations
  1429 | D:6      | Reached skill level 5 in Dodging
  1455 | D:6      | Noticed an ice beast
  1477 | D:6      | Killed an ice beast
  1477 | D:6      | Reached skill level 2 in Fighting
  1477 | D:6      | Reached skill level 2 in Short Blades
  1477 | D:6      | Reached skill level 2 in Long Blades
  1477 | D:6      | Reached skill level 2 in Axes
  1477 | D:6      | Reached skill level 2 in Maces & Flails
  1477 | D:6      | Reached skill level 2 in Polearms
  1477 | D:6      | Reached skill level 2 in Staves
  1477 | D:6      | Reached skill level 2 in Slings
  1477 | D:6      | Reached skill level 2 in Bows
  1477 | D:6      | Reached skill level 2 in Crossbows
  1477 | D:6      | Reached skill level 2 in Throwing
  1477 | D:6      | Reached skill level 2 in Armour
  1477 | D:6      | Reached skill level 2 in Shields
  1477 | D:6      | Reached skill level 2 in Unarmed Combat
  1477 | D:6      | Reached skill level 2 in Evocations
  1511 | D:6      | Reached XP level 7. HP: 41/50 MP: 6/15
  1519 | D:6      | Learned a level 4 spell: Summon Lightning Spire
  1561 | D:6      | Noticed a kobold demonologist
  1565 | D:6      | Noticed a gargoyle
  1569 | D:6      | Killed a kobold demonologist
  1569 | D:6      | Reached skill level 2 in Conjurations
  1569 | D:6      | Reached skill level 2 in Hexes
  1569 | D:6      | Reached skill level 2 in Charms
  1569 | D:6      | Reached skill level 2 in Necromancy
  1569 | D:6      | Reached skill level 2 in Translocations
  1569 | D:6      | Reached skill level 2 in Transmutations
  1569 | D:6      | Reached skill level 2 in Fire Magic
  1569 | D:6      | Reached skill level 2 in Ice Magic
  1569 | D:6      | Reached skill level 2 in Air Magic
  1569 | D:6      | Reached skill level 2 in Earth Magic
  1569 | D:6      | Reached skill level 2 in Poison Magic
  1573 | D:6      | Killed a gargoyle
  1573 | D:6      | Reached skill level 5 in Stealth
  1573 | D:6      | Reached skill level 3 in Invocations
  1609 | D:6      | Reached XP level 8. HP: 33/57 MP: 16/16
  1766 | D:6      | Found a burning altar of Makhleb.
  1850 | D:6      | Reached skill level 3 in Fighting
  1850 | D:6      | Reached skill level 3 in Short Blades
  1850 | D:6      | Reached skill level 3 in Long Blades
  1850 | D:6      | Reached skill level 3 in Axes
  1850 | D:6      | Reached skill level 3 in Maces & Flails
  1850 | D:6      | Reached skill level 3 in Polearms
  1850 | D:6      | Reached skill level 3 in Staves
  1850 | D:6      | Reached skill level 3 in Slings
  1850 | D:6      | Reached skill level 3 in Bows
  1850 | D:6      | Reached skill level 3 in Crossbows
  1850 | D:6      | Reached skill level 3 in Throwing
  1850 | D:6      | Reached skill level 3 in Armour
  1850 | D:6      | Reached skill level 3 in Shields
  1850 | D:6      | Reached skill level 3 in Unarmed Combat
  1850 | D:6      | Reached skill level 3 in Evocations
  1853 | D:6      | Gained mutation: You are agile. (Dex +2) [mutagenic meat]
  1854 | D:6      | Gained mutation: Your skin changes colour to match your surroundings (Stealth+). [mutagenic meat]
  1855 | D:6      | Gained mutation: Armour fits poorly on your strangely shaped body. [mutagenic meat]
  1856 | D:6      | Gained mutation: You evolve. [mutagenic meat]
  1857 | D:6      | Lost mutation: You are agile. (Dex +2) [mutagenic meat]
  1858 | D:6      | Gained mutation: Your mind is acute. (Int +2) [mutagenic meat]
  2064 | D:7      | Found Nunaen's Antique Weapon Shop.
  2109 | D:7      | Reached skill level 6 in Spellcasting
  2167 | D:7      | HP: 4/58 [something (6)]
  2168 | D:7      | HP: 1/58 [sky beast (4)]
  2168 | D:7      | Slain by a sky beast

Vault maps used:
D:1:      lightli_arrival_quake, minivault_5
D:2:      nicolae_overflow_hidden_temple, small_statue_intersection
D:3:      trog_eyes_of_draining, lemuel_coloured_pillars_altar,
          gammafunk_temple_overflow_statue
D:4:      nicolae_gozag_seed_capital
D:5:      lemuel_crystal_altar, dancing_weapons_uskayaw,
          minmay_temple_entry_enclosed_plants, first_bread
D:6:      minmay_cornered_nines, lemuel_doored_altar, overflow_temple_1_default,
          serial_glass, glass_columns_b, glass_columns_a,
          kennysheep_generic_room_9
D:7:      kennysheep_windowed_goal
D:8:      serial_shops, shop, uniq_grum

Skill      XL: |  1  2  3  4  5  6  7  8 |
---------------+-------------------------+-----
Spellcasting   | 5 6 |  6.0
Invocations    | 1 2 3 |  3.5
Fighting       | 1 2 3 |  3.2
Short Blades   | 1 2 3 |  3.2
Long Blades    | 1 2 3 |  3.2
Axes           | 1 2 3 |  3.2
Maces & Flails | 1 2 3 |  3.2
Polearms       | 1 2 3 |  3.2
Staves         | 1 2 3 |  3.2
Slings         | 1 2 3 |  3.2
Bows           | 1 2 3 |  3.2
Crossbows      | 1 2 3 |  3.2
Throwing       | 1 2 3 |  3.2
Armour         | 1 2 3 |  3.2
Shields        | 1 2 3 |  3.2
Unarmed Combat | 1 2 3 |  3.2
Evocations     | 1 2 3 |  3.2
Conjurations   | 1 2 |  2.6
Hexes          | 1 2 |  2.6
Charms         | 1 2 |  2.6
Necromancy     | 1 2 |  2.6
Translocations | 1 2 |  2.6
Transmutations | 1 2 |  2.6
Fire Magic     | 1 2 |  2.6
Ice Magic      | 1 2 |  2.6
Air Magic      | 1 2 |  2.6
Earth Magic    | 1 2 |  2.6
Poison Magic   | 1 2 |  2.6
Dodging        | 5 |  5.6
Stealth        | 5 |  5.3
Summonings     | |  7.6

Action                   |  1- 3 |  4- 6 |  7- 9 || total
-------------------------+-------+-------+-------++-------
Melee: Club              |     2 |       |       ||     2
       Unarmed           |     1 |       |       ||     1
       Short sword       |    45 |    56 |    26 ||   127
       Bite              |     4 |     4 |     8 ||    16
       Punch             |       |     2 |       ||     2
       Great sword       |       |       |    30 ||    30
Throw: Javelin           |     2 |    32 |    13 ||    47
 Cast: Summon Small Mamm |    11 |     5 |       ||    16
       Call Imp          |     8 |    26 |       ||    34
       Call Canine Famil |       |     2 |     2 ||     4
       Summon Lightning  |       |       |    11 ||    11
  Use: Scroll            |     1 |     7 |     2 ||    10
       Potion            |       |     2 |     2 ||     4
 Stab: Sleeping          |     3 |       |     1 ||     4
       Distracted        |     1 |       |     2 ||     3
  Eat: Fruit             |     5 |       |       ||     5
       Chunk             |       |       |     8 ||     8
Armor: Robe              |    14 |    14 |    19 ||    47
       Skin              |       |    12 |       ||    12
Dodge: Dodged            |    61 |    51 |    78 ||   190
       Rpst.: Great sword |       |       |    21 ||    21

Table legend:
 A = Spawn XP
 B = Non-spawn XP
 C = Spawn XP percentage of total XP
 D = Spawn monster count
 E = Non-spawn monster count
 F = Spawn count percentage of total count
 G = Total turns spent on level
                    A         B        C        D         E        F      G
               +---------+---------+-------+---------+---------+-------+---------
         Total |       0 |    1685 |   0.0 |       0 |      91 |   0.0 |  2168
               +---------+---------+-------+---------+---------+-------+---------
           D:1 |       0 |      34 |   0.0 |       0 |      24 |   0.0 |   351
           D:2 |       0 |      20 |   0.0 |       0 |      11 |   0.0 |   175
           D:3 |       0 |       3 |   0.0 |       0 |       3 |   0.0 |    99
           D:4 |       0 |     189 |   0.0 |       0 |      16 |   0.0 |   432
           D:5 |       0 |     164 |   0.0 |       0 |      11 |   0.0 |   353
           D:6 |       0 |    1047 |   0.0 |       0 |      16 |   0.0 |   534
           D:7 |       0 |     228 |   0.0 |       0 |      10 |   0.0 |   222
               +---------+---------+-------+---------+---------+-------+---------

Table legend:
 A = Turns spent in this place as a percentage of turns spent in the entire game.
 B = Non-inter-level travel turns spent in this place as a percentage of non-inter-level travel turns spent in the entire game.
 C = Inter-level travel turns spent in this place as a percentage of turns spent in this place.
 D = Turns resting spent in this place as a percentage of non-inter-level travel turns spent in this place.
 E = Turns spent auto-exploring this place as a percentage of non-inter-level travel turns spent in this place.
 F = Non-inter-level travel turns spent in this place divided by the number of levels of this place that you've seen.
                   A       B       C       D       E      F
               +-------+-------+-------+-------+-------+----------------------
         Total | 100.0 | 100.0 |   2.2 |   0.9 |   0.0 | 265.0
       Dungeon | 100.0 | 100.0 |   2.2 |   0.9 |   0.0 | 265.0
               +-------+-------+-------+-------+-------+----------------------

Table legend:
 A = Kills in this place as a percentage of kills in entire the game.
 B = Kills by you in this place as a percentage of kills by you in the entire game.
 C = Kills by friends in this place as a percentage of kills by friends in the entire game.
 D = Other kills in this place as a percentage of other kills in the entire game.
 E = Experience gained in this place as a percentage of experience gained in the entire game.
 F = Experience gained in this place divided by the number of levels of this place that you have seen.
                   A       B       C       D       E      F
               +-------+-------+-------+-------+-------+----------------------
         Total | 100.0 | 100.0 | 100.0 |   N/A | 100.0 | 210.6
       Dungeon | 100.0 | 100.0 | 100.0 |   N/A | 100.0 | 210.6
               +-------+-------+-------+-------+-------+----------------------

Vault maps used:
D:1:      lightli_arrival_quake, minivault_5
D:2:      nicolae_overflow_hidden_temple, small_statue_intersection
D:3:      trog_eyes_of_draining, lemuel_coloured_pillars_altar,
          gammafunk_temple_overflow_statue
D:4:      nicolae_gozag_seed_capital
D:5:      lemuel_crystal_altar, dancing_weapons_uskayaw,
          minmay_temple_entry_enclosed_plants, first_bread
D:6:      minmay_cornered_nines, lemuel_doored_altar, overflow_temple_1_default,
          serial_glass, glass_columns_b, glass_columns_a,
          kennysheep_generic_room_9
D:7:      kennysheep_windowed_goal
D:8:      serial_shops, shop, uniq_grum
